[Event "45th FIDE Womens Olympiad 2024"]
[Site "Budapest"]
[Date "2024.09.19"]
[Round "8.16"]
[White "Krasteva, Beloslava"]
[Black "Khotenashvili, Bella"]
[Result "1/2-1/2"]
[ECO "D00"]
[WhiteElo "2295"]
[BlackElo "2432"]
[Annotator "TA"]
[PlyCount "115"]
[EventDate "2024.09.05"]
[EventType "team-tourn"]
[EventCountry "HUN"]
[SourceTitle "playchess.com"]
[Source "ChessBase"]
[SourceQuality "1"]
[WhiteTeam "Bulgaria"]
[BlackTeam "Georgia"]
[WhiteTeamCountry "BUL"]
[BlackTeamCountry "GEO"]
[TimeControl "40/5400+30:1800+30"]

1. d4 Nf6 2. Bg5 g6 3. Bxf6 exf6 4. e3 d5 5. c4 dxc4 6. Bxc4 Bd6 7. Nc3 c6 8. Qf3 O-O 9. g4 f5 10. gxf5 Bxf5 11. Nge2 Qh4 12. O-O-O Nd7 (12... Bxh2 $2 13. Qg2 Kg7 14. Rxh2 $18 (14. Qxh2 Qxh2 15. Rxh2 b5 $18)) 13. h3 {[%emt 0:02:52] Prevents Bg4} Nb6 14. Bb3 (14. Bd3 {simplifies} Be6 15. Qe4 Qxe4 16. Bxe4 Rfd8 17. Bf3) 14... a5 15. Ng3 Bd7 (15... Bxh3 $2 {too greedy.} 16. Nge4 Be7 17. Rxh3 $18 (17. Qxh3 Qxh3 18. Rxh3 a4 $18)) (15... Be6 {simplifies} 16. Bxe6 fxe6 17. Qg2 e5) 16. Nge4 Be7 17. Nc5 Bc8 18. Rdg1 a4 19. N3xa4 Nxa4 20. Nxa4 Ra5 21. Qg3 Rg5 22. Qxh4 Rxg1+ 23. Rxg1 Bxh4 24. Rg2 g5 (24... Bxh3 $2 {perishes.} 25. Rh2 $18) (24... Kg7 $11 {remains equal.}) 25. Rh2 $16 Kg7 26. Nc5 Re8 27. Kd2 f5 28. Nd3 Kf6 29. Ne5 c5 30. Nf3 cxd4 31. Nxd4 Rd8 32. Kc3 Bd7 33. Bd5 b6 34. a3 Be8 35. Bb3 Bh5 36. Bc2 Bg6 37. Nf3 Rc8+ 38. Kd2 Rd8+ 39. Kc3 Rc8+ 40. Kd2 Rd8+ $1 41. Ke1 Bh5 42. Nxh4 gxh4 $14 {[%emt 0:00:05][%mdl 4096] Endgame. KRB-KRB} 43. f4 $1 Rg8 44. Rd2 Rg3 45. Rd6+ Ke7 46. Rxb6 Bg6 47. Kf2 Rxh3 {[%emt 0:00:28] [#] Threatens to win with ...Rh2+.} 48. Bd1 {[%emt 0:01:43] aiming for Bf3.} Rh2+ 49. Kg1 Rh3 50. Kf2 {[%emt 0:01:37] And now Bf3 would win.} Rh2+ $1 51. Kg1 Rh3 52. Kg2 ({Better is} 52. Rb3 $16) 52... Rxe3 $11 53. Rb3 Re4 54. a4 Rd4 55. Re3+ Kf6 56. Bb3 {[%emt 0:00:59] a5 is the strong threat.} Rd2+ 57. Kh3 {[%emt 0:00:08] [#] a5 would now be deadly.} Rxb2 58. Kxh4 {[%emt 0:00:52] Weighted Error Value: White=0.12 (very precise) /Black=0.09 (flawless) .  Mistake:       	White=1     	Black=1      Inaccurate:     	White=4     	Black=8      OK:         	White=16    	Black=18     Best:        	White=6     	Black=5      Strong:       	White=1     	Black=2} 1/2-1/2

[Event "45th FIDE Womens Olympiad 2024"]
[Site "Budapest"]
[Date "2024.09.19"]
[Round "8.17"]
[White "Khamdamova, Afruza"]
[Black "Yip, Carissa"]
[Result "0-1"]
[ECO "B01"]
[WhiteElo "2313"]
[BlackElo "2386"]
[Annotator "RC"]
[PlyCount "144"]
[EventDate "2024.09.05"]
[EventType "team-tourn"]
[EventCountry "HUN"]
[SourceTitle "playchess.com"]
[Source "ChessBase"]
[SourceQuality "1"]
[WhiteTeam "Uzbekistan"]
[BlackTeam "United States of America"]
[WhiteTeamCountry "UZB"]
[BlackTeamCountry "USA"]
[TimeControl "40/5400+30:1800+30"]

1. e4 d5 2. exd5 Qxd5 3. Nc3 Qd8 4. d4 Nf6 5. Nf3 g6 6. Bc4 Bg7 7. O-O O-O 8. h3 a6 9. a4 b6 10. Re1 Bb7 11. Bf4 e6 12. Qe2 Nc6 13. Rad1 Re8 14. Bb3 Ne7 15. Be5 Nf5 16. Nb1 Ne4 17. Bxg7 Kxg7 18. Nbd2 Nxd2 19. Rxd2 Bxf3 20. Qxf3 c5 21. c3 cxd4 22. cxd4 Qd6 23. Red1 Ra7 24. Bc2 Ne7 25. Qe3 Rd8 26. Qe5+ Kg8 27. Bb3 Rad7 28. Qf6 Rc8 29. Rd3 Nf5 30. Re1 Ne7 31. Red1 Nd5 32. Qe5 Nb4 33. R3d2 Rcd8 34. Qe3 Rc7 35. Qf3 Nd5 36. Qe2 a5 37. Qe5 Nb4 38. Qb5 Rdc8 39. g3 Rc1 40. Qe5 Rxd1+ 41. Rxd1 Rd8 42. Qf6 Nd5 43. Qf3 Qb4 44. Kg2 Kg7 45. Rd3 h5 46. Qe4 b5 47. Qe5+ Kg8 48. axb5 Qxb5 49. Rf3 Qc6 50. g4 h4 51. Bxd5 Rxd5 52. Qf6 Qb7 53. b3 Rd7 54. Kh2 Rxd4 55. Qxd4 Qxf3 56. Qd8+ Kg7 57. Qd4+ Kh7 58. Qa7 Kh6 59. Qb6 e5 60. Qc5 Kh7 61. Qb6 Qf4+ 62. Kg2 Qe4+ 63. Kg1 Qb1+ 64. Kh2 a4 65. Qf6 Qxb3 66. Qxh4+ Kg7 67. Qe7 Qb2 68. Kg2 a3 69. g5 e4 70. h4 a2 71. h5 gxh5 72. g6 Qf6 0-1

[Event "45th FIDE Womens Olympiad 2024"]
[Site "Budapest"]
[Date "2024.09.19"]
[Round "8.18"]
[White "Krush, Irina"]
[Black "Yakubbaeva, Nilufar"]
[Result "1-0"]
[ECO "D27"]
[WhiteElo "2396"]
[BlackElo "2248"]
[Annotator "TA"]
[PlyCount "59"]
[EventDate "2024.09.05"]
[EventType "team-tourn"]
[EventCountry "HUN"]
[SourceTitle "playchess.com"]
[Source "ChessBase"]
[SourceQuality "1"]
[WhiteTeam "United States of America"]
[BlackTeam "Uzbekistan"]
[WhiteTeamCountry "USA"]
[BlackTeamCountry "UZB"]
[TimeControl "40/5400+30:1800+30"]

1. Nf3 d5 2. d4 Nf6 3. c4 e6 4. Nc3 c5 5. e3 dxc4 6. Bxc4 a6 7. O-O b5 8. Bd3 Bb7 9. dxc5 Bxc5 10. e4 Nbd7 11. Qe2 O-O 12. Bf4 Nh5 {[%emt 0:05:38] Black has an edge.} 13. Bd2 Qc7 14. e5 (14. b4 $11 {keeps the balance.} Be7 15. a4) 14... g6 (14... Bxf3 $17 15. Qxf3 g6 (15... Nxe5 16. Bxh7+ Kxh7 17. Qxh5+ Kg8 18. Ne4 $16) (15... Qxe5 16. Rfe1 $14)) 15. Be4 $14 Rad8 (15... Be7 $14) 16. Bxb7 ({White should try} 16. Rac1) 16... Qxb7 $16 17. Bg5 {[%emt 0:01:07] Prevents Be7.} Rb8 ({Better is} 17... Rc8 $14) 18. Ne4 $18 Rfe8 $2 (18... Rfc8 19. Rad1 Kh8) 19. g4 h6 20. Bxh6 Ng7 21. Bg5 (21. Rad1 $142 {[%cal Od1d7] Black must now prevent Rxd7!} Be7 22. Bg5) 21... Rec8 22. Rad1 {[%emt 0:05:02][%cal Od1d7] [#] And now Rxd7! would win.} Nb6 (22... Ne8 23. h4 Bb6) 23. Nf6+ {[%emt 0:00:57] White is clearly winning.} Kf8 24. Bh6 Rd8 25. Ng5 Nc4 26. Ngh7+ Ke7 27. Bxg7 Bd4 {[%emt 0:00:55] [#]} 28. Bf8+ $1 Rxf8 29. Rxd4 {[%emt 0:00:09][%cal Of1d1] Intending Rfd1! and mate.} Rfd8 30. Rfd1 {[%emt 0:00:27] Weighted Error Value: White=0.37/Black=0.76.  Mistake:       	White=3     	Black=5      Inaccurate:     	---       	Black=1      OK:         	White=5     	Black=4      Best:        	White=1     	Black=1} 1-0

[Event "45th FIDE Womens Olympiad 2024"]
[Site "Budapest"]
[Date "2024.09.19"]
[Round "8.19"]
[White "Omonova, Umida"]
[Black "Lee, Alice"]
[Result "0-1"]
[ECO "B30"]
[WhiteElo "2032"]
[BlackElo "2384"]
[Annotator "TA"]
[PlyCount "114"]
[EventDate "2024.09.05"]
[EventType "team-tourn"]
[EventCountry "HUN"]
[SourceTitle "playchess.com"]
[Source "ChessBase"]
[SourceQuality "1"]
[WhiteTeam "Uzbekistan"]
[BlackTeam "United States of America"]
[WhiteTeamCountry "UZB"]
[BlackTeamCountry "USA"]
[TimeControl "40/5400+30:1800+30"]

1. e4 c5 2. Nf3 Nc6 3. Bb5 e6 4. O-O Nge7 5. Re1 b6 6. c3 {[%emt 0:00:19] B30: Sicilian: 2...Nc6 3 Bb5, lines without ...g6.} a6 7. Be2 d5 8. exd5 Nxd5 9. d4 Nf6 10. Ne5 $146 ({Predecessor:} 10. dxc5 Qxd1 11. Rxd1 Bxc5 12. Nfd2 Bb7 13. a4 Ne5 14. Na3 Rd8 15. b4 Bd6 16. Ndc4 Nxc4 17. Nxc4 {1-0 Antipov,M (2602)-Cordova,E (2531) Philadelphia op 17th 2024 (7)}) 10... Bb7 (10... Nxe5 {simplifies} 11. dxe5 Qxd1 12. Rxd1 Nd5) 11. Bf3 Rc8 12. Qe2 Bd6 13. Nxc6 Bxc6 14. Bxc6+ (14. Qxa6 Bxf3 15. gxf3 O-O 16. dxc5 Rxc5 $17 (16... bxc5 17. Na3 $11) (16... Bxc5 17. Nd2 $11)) 14... Rxc6 15. Qf3 (15. Qxa6 cxd4 16. Rd1 Qb8 $11) (15. dxc5 $14 bxc5 16. c4) 15... Rc7 16. dxc5 Bxc5 17. Bg5 Qd5 18. Qxd5 Nxd5 19. Nd2 f6 20. Bh4 Kf7 21. Rad1 Rd8 22. Nf3 Be7 23. Bg3 e5 24. Rd2 Ke8 25. Red1 Rcd7 26. Kf1 b5 27. Ke2 g5 28. Ne1 h5 29. h3 h4 30. Bh2 Kf7 31. Nc2 Ke6 32. Ke1 Bc5 33. Re2 Kf5 34. Red2 Nb6 ({Black should play} 34... a5 $17 35. b4 axb4 36. cxb4 Be7 (36... Nxb4 37. Rxd7 Nxc2+ 38. Kf1 $11)) 35. Rxd7 $15 Rxd7 36. Rc1 $2 (36. Rxd7 $17 Nxd7 37. Ke2) 36... Na4 $19 37. b4 Bb6 38. Na3 Rc7 (38... Rd3 39. Nb1 $19) 39. Nb1 Ke6 40. Bg1 Nb2 41. Ke2 Rd7 42. g3 Nc4 43. gxh4 gxh4 44. Rf1 (44. Rd1 $142) 44... e4 $19 45. Re1 f5 46. f3 e3 47. Bh2 Rg7 48. Kf1 $2 (48. Rg1 Rxg1 49. Bxg1) 48... f4 $19 49. Bxf4 Rf7 50. Bg5 Rxf3+ 51. Ke2 Rxh3 52. Bf4 Ne5 53. Rf1 Ng6 54. Bg5 Rh2+ 55. Kd3 e2 ({Not} 55... Rxa2 56. Rf6+ (56. Bxe3 $2 {perishes.} Ne5+ 57. Ke4 Re2 $19) 56... Ke5 57. Rxg6 $16 (57. Rxb6 $2 {too greedy.} e2 $19)) (55... Kd5 $142 56. Bf6 Rxa2) 56. Rf6+ Ke5 57. Kd2 Be3+ 0-1

[Event "45th FIDE Womens Olympiad 2024"]
[Site "Budapest"]
[Date "2024.09.19"]
[Round "8.20"]
[White "Zatonskih, Anna"]
[Black "Nadirjanova, Nodira"]
[Result "1/2-1/2"]
[ECO "D33"]
[WhiteElo "2320"]
[BlackElo "2059"]
[Annotator "RC"]
[PlyCount "71"]
[EventDate "2024.09.05"]
[EventType "team-tourn"]
[EventCountry "HUN"]
[SourceTitle "playchess.com"]
[Source "ChessBase"]
[SourceQuality "1"]
[WhiteTeam "United States of America"]
[BlackTeam "Uzbekistan"]
[WhiteTeamCountry "USA"]
[BlackTeamCountry "UZB"]
[TimeControl "40/5400+30:1800+30"]

1. d4 d5 2. c4 e6 3. Nc3 c5 4. cxd5 exd5 5. Nf3 Nf6 6. g3 Nc6 7. Bg2 cxd4 8. Nxd4 Bc5 9. Nxc6 bxc6 10. O-O O-O 11. Qc2 Bb6 12. Na4 Bd7 13. b3 Qe7 14. Bb2 Rfe8 15. e3 Ne4 16. Rac1 Rac8 17. Rfe1 Qg5 18. Qe2 c5 19. Nxb6 axb6 20. a4 h5 21. f3 Nd6 22. Qf2 Bc6 23. a5 Bb7 24. axb6 Qd8 25. b4 cxb4 26. Bd4 Nc4 27. Rb1 Qd6 28. Qa2 Rc6 29. Qa4 Na3 30. Rb2 Ra8 31. Qb3 Nc4 32. Ra2 Rxa2 33. Qxa2 Nxb6 34. Qa1 f6 35. f4 Nc4 36. Qa7 1/2-1/2

[Event "45th FIDE Womens Olympiad 2024"]
[Site "Budapest"]
[Date "2024.09.19"]
[Round "8.21"]
[White "Peng, Zhaoqin"]
[Black "Wagner, Dinara"]
[Result "1/2-1/2"]
[ECO "E14"]
[WhiteElo "2349"]
[BlackElo "2452"]
[Annotator "TA"]
[PlyCount "66"]
[EventDate "2024.09.05"]
[EventType "team-tourn"]
[EventCountry "HUN"]
[SourceTitle "playchess.com"]
[Source "ChessBase"]
[SourceQuality "1"]
[WhiteTeam "Netherlands"]
[BlackTeam "Germany"]
[WhiteTeamCountry "NED"]
[BlackTeamCountry "GER"]
[TimeControl "40/5400+30:1800+30"]

1. Nf3 Nf6 2. c4 e6 3. b3 Be7 4. Bb2 c5 5. e3 b6 6. d4 cxd4 7. exd4 d5 8. Bd3 O-O 9. O-O Bb7 10. Nbd2 Nc6 11. Qe2 Rc8 12. Rac1 Re8 13. Rfd1 Bf8 14. h3 g6 15. Qe3 Bg7 16. Ne5 Nd7 17. Ndf3 dxc4 18. Bxc4 {[%emt 0:06:44][%cal Oe5f7] Nxf7! would now be deadly.} (18. Nxf7 $5 Qe7 (18... Kxf7 19. Ng5+ $15) 19. Bxc4 Qxf7 (19... Kxf7 $2 {too greedy.} 20. Bxe6+ Qxe6 21. Ng5+ Kg8 22. Nxe6 $18) 20. Ng5 $16) 18... Ncxe5 19. dxe5 Qe7 20. Bb5 Bd5 21. Nd4 {[%emt 0:08:37] Black must now prevent Nc6.} Red8 22. Nc6 Bxc6 23. Bxc6 Nc5 {[%emt 0:00:55] [#] Hoping for ...Rxd1+.} 24. Bb5 Rxd1+ 25. Rxd1 Rd8 26. Rxd8+ Qxd8 27. Qd4 Qxd4 28. Bxd4 $14 {[%emt 0:00:01][%mdl 4096] Endgame. KBB-KBN} Kf8 29. b4 Nb7 30. a4 Nd6 31. Bc6 Nf5 32. Bc3 Ne7 33. Bb7 Nd5 {[%emt 0:00:10] Weighted Error Value: White=0.03 (flawless) /Black=0.05 (flawless) .  Inaccurate:     	---       	Black=1      OK:         	White=8     	Black=9      Best:        	---       	Black=1} 1/2-1/2

[Event "45th FIDE Womens Olympiad 2024"]
[Site "Budapest"]
[Date "2024.09.19"]
[Round "8.21"]
[White "Almusawi, Maram"]
[Black "Kovacova, Zuzana"]
[Result "0-1"]
[ECO "D20"]
[WhiteElo "1510"]
[BlackElo "2020"]
[PlyCount "146"]
[EventDate "2024.09.05"]
[EventType "team-tourn"]
[EventCountry "HUN"]
[WhiteTeam "Bahrain"]
[BlackTeam "Bermuda"]
[WhiteTeamCountry "BRN"]
[BlackTeamCountry "BER"]
[TimeControl "40/5400+30:1800+30"]

1. d4 d5 2. c4 dxc4 3. e3 e5 4. Bxc4 exd4 5. exd4 Nf6 6. Nc3 Be7 7. Nf3 O-O 8. h3 Nbd7 9. O-O Nb6 10. Bb3 c6 11. Bf4 Nbd5 12. Bh2 Bd6 13. Bxd6 Qxd6 14. Nxd5 Nxd5 15. Re1 Nf4 16. Ne5 Be6 17. Bc2 Rad8 18. Re4 Ng6 19. Nxg6 hxg6 20. h4 Bf5 21. Re1 Bxc2 22. Qxc2 Qxd4 23. Re4 Qf6 24. Rae1 Rd7 25. Qe2 Qf5 26. Re5 Qf6 27. Re8 Qd6 28. Rxf8+ Qxf8 29. Qg4 Qd8 30. h5 gxh5 31. Qxh5 Re7 32. Rxe7 Qxe7 33. Qd1 c5 34. Qd2 b6 35. Qc3 Qe6 36. a3 Qd5 37. Qe1 Kf8 38. Qe2 Qd4 39. Kh2 c4 40. Qc2 Qd3 41. Qa4 Qd6+ 42. Kg1 Qc7 43. Qb4+ Kg8 44. Qc3 b5 45. Kh1 Qd6 46. Kg1 Qf4 47. Qb4 a6 48. Qc3 g6 49. Qb4 Qd4 50. g3 Qd3 51. Kg2 Kg7 52. Kg1 Kf6 53. Kg2 Qd4 54. Kg1 Kf5 55. Kg2 Qd5+ 56. Kg1 Kg4 57. Kh2 Qd4 58. Kg2 Qe4+ 59. Kh2 Qe2 60. Kg2 Qf3+ 61. Kf1 Kh3 62. Qd2 Qd3+ 63. Ke1 Qxd2+ 64. Kxd2 Kg4 65. Ke3 f5 66. Ke2 g5 67. Ke3 f4+ 68. gxf4 gxf4+ 69. Ke4 a5 70. Ke5 Kf3 71. Kf5 b4 72. axb4 axb4 73. Ke5 c3 {0-} 0-1

[Event "45th FIDE Womens Olympiad 2024"]
[Site "Budapest"]
[Date "2024.09.19"]
[Round "8.22"]
[White "Paehtz, Elisabeth"]
[Black "Van Foreest, Machteld"]
[Result "1-0"]
[ECO "E04"]
[WhiteElo "2455"]
[BlackElo "2224"]
[Annotator "TA"]
[PlyCount "89"]
[EventDate "2024.09.05"]
[EventType "team-tourn"]
[EventCountry "HUN"]
[SourceTitle "playchess.com"]
[Source "ChessBase"]
[SourceQuality "1"]
[WhiteTeam "Germany"]
[BlackTeam "Netherlands"]
[WhiteTeamCountry "GER"]
[BlackTeamCountry "NED"]
[TimeControl "40/5400+30:1800+30"]

1. Nf3 Nf6 2. g3 d5 3. Bg2 c5 4. O-O Nc6 5. d4 e6 6. c4 dxc4 7. dxc5 Qxd1 8. Rxd1 Bxc5 9. Nbd2 c3 10. bxc3 O-O 11. Nb3 Bb6 12. Ba3 Re8 13. Nfd2 e5 {[%emt 0:10:43] [#] White is slightly better.} 14. Nc4 $1 Bc7 15. Bd6 {[%emt 0:15:01] White is more active.} Be6 16. Nxe5 Bxd6 17. Nxc6 (17. Bxc6 $2 {too greedy.} bxc6 (17... Bxe5 $2 18. Bxe8 Rxe8 19. Rac1 $19) 18. Rxd6 Bxb3 19. axb3 Rxe5 $19) 17... Ba3 18. Ncd4 {[%emt 0:01:00] A dynamic duo of knights.} Bb2 19. Rab1 Bxb3 20. Nxb3 Bxc3 21. Bxb7 Rab8 22. Bf3 h6 23. Rbc1 Be5 24. Rc6 Re7 25. Ra6 Rb6 (25... g6 $16 26. Rc1 Kg7) 26. Rd8+ $18 Kh7 {[%emt 0:00:07] [#]} 27. Ra4 Bc7 (27... g5 {was worth a try.} 28. e3 h5) 28. Rd3 (28. Rxa7 $2 {is the wrong capture.} Bxd8 29. Ra8 Rd6 $19) 28... Bd6 29. Kg2 Rc7 30. Nd2 Bb4 31. a3 Bxd2 32. Rxd2 Nd7 33. h4 Nf6 34. Ra5 Re7 (34... Re6 $16 35. h5 Rce7) 35. Rd8 Ne8 36. Ra8 Nd6 37. R8xa7 Rxa7 38. Rxa7 {[%emt 0:00:03][%mdl 4096] Endgame. KRB-KRN} g5 39. a4 {[%emt 0:01:54][%cal Ba3a4,Ba4a5,Ba5a6,Ba6a7][%mdl 32] White is clearly winning.} gxh4 40. a5 Rb5 41. Rd7 {[%emt 0:31:26] And now a6 would win.} Nc4 42. a6 Ra5 43. a7 Ne5 44. Be4+ (44. a8=R Rxa8 $18) 44... Kg7 45. Rc7 {[%emt 0:00:00] Weighted Error Value: White=0.07 (flawless) /Black=0.28 (precise) .  Mistake:       	---       	Black=3      Inaccurate:     	White=1     	Black=3      OK:         	White=18    	Black=12     Best:        	White=1     	---        Strong:       	White=1     	---} ({Weaker is} 45. a8=R Rxa8 $18) 1-0

[Event "45th FIDE Womens Olympiad 2024"]
[Site "Budapest"]
[Date "2024.09.19"]
[Round "8.22"]
[White "Cancino, Shiela"]
[Black "Sharaf, Hawra"]
[Result "0-1"]
[ECO "D04"]
[WhiteElo "1663"]
[BlackElo "1595"]
[PlyCount "106"]
[EventDate "2024.09.05"]
[EventType "team-tourn"]
[EventCountry "HUN"]
[WhiteTeam "Bermuda"]
[BlackTeam "Bahrain"]
[WhiteTeamCountry "BER"]
[BlackTeamCountry "BRN"]
[TimeControl "40/5400+30:1800+30"]

1. d4 d5 2. Nf3 c6 3. e3 Nf6 4. Nbd2 Bg4 5. h3 Bh5 6. g4 Bg6 7. Ne5 Nbd7 8. Nxg6 hxg6 9. f4 e6 10. Nf3 Ne4 11. Rg1 Be7 12. g5 Qb6 13. a3 c5 14. Nd2 Nxd2 15. Qxd2 cxd4 16. exd4 Rc8 17. Rg3 Bd6 18. Rb3 Qc7 19. Rc3 Qd8 20. Rxc8 Qxc8 21. b3 Rh4 22. c4 Rxf4 23. cxd5 Re4+ 24. Kd1 Bg3 25. Be2 exd5 26. Qd3 Bf2 27. Bb2 Qd8 28. Bf3 Re3 29. Qd2 Re1+ 30. Kc2 Qc7+ 31. Kd3 Re3+ 32. Qxe3+ Bxe3 33. Kxe3 Qg3 34. h4 Qxh4 35. Rg1 Qh3 36. Bc1 f6 37. Kf2 Qf5 38. Kg3 fxg5 39. Re1+ Kd8 40. b4 Nf6 41. Bb2 Qf4+ 42. Kg2 Ne4 43. Bxe4 dxe4 44. Bc1 Qf3+ 45. Kg1 g4 46. Rf1 Qg3+ 47. Kh1 Qh3+ 48. Kg1 g3 49. Bg5+ Ke8 50. Rf4 Qh2+ 51. Kf1 g2+ 52. Ke2 g1=Q+ 53. Rf2 Qhxf2# {0-} 0-1

[Event "45th FIDE Womens Olympiad 2024"]
[Site "Budapest"]
[Date "2024.09.19"]
[Round "8.23"]
[White "Bensdorp-De Labaca, Marlies"]
[Black "Klek, Hanna Marie"]
[Result "1/2-1/2"]
[ECO "D26"]
[WhiteElo "2241"]
[BlackElo "2296"]
[Annotator "RC"]
[PlyCount "109"]
[EventDate "2024.09.05"]
[EventType "team-tourn"]
[EventCountry "HUN"]
[SourceTitle "playchess.com"]
[Source "ChessBase"]
[SourceQuality "1"]
[WhiteTeam "Netherlands"]
[BlackTeam "Germany"]
[WhiteTeamCountry "NED"]
[BlackTeamCountry "GER"]
[TimeControl "40/5400+30:1800+30"]

1. d4 Nf6 2. c4 e6 3. Nf3 d5 4. e3 dxc4 5. Bxc4 a6 6. O-O b5 7. Be2 Nbd7 8. a4 b4 9. Nbd2 c5 10. Nc4 a5 11. dxc5 Bxc5 12. Nd6+ Bxd6 13. Qxd6 Qb6 14. Qxb6 Nxb6 15. Ne5 Ba6 16. Bxa6 Rxa6 17. f3 Nfd7 18. Nd3 Ke7 19. b3 Nd5 20. e4 Nc3 21. Be3 Rc8 22. Rf2 Rd6 23. Nb2 Nc5 24. Bxc5 Rxc5 25. Kf1 g6 26. Re1 Rd4 27. Ra1 f5 28. exf5 gxf5 29. g3 e5 30. Re1 Ke6 31. Nc4 Rdxc4 32. bxc4 Nxa4 33. f4 e4 34. g4 Nc3 35. gxf5+ Kxf5 36. Re3 a4 37. Rh3 Rxc4 38. Rh5+ Kf6 39. Rd2 e3 40. Rd6+ Ke7 41. Ra6 Rxf4+ 42. Ke1 Rf7 43. Re5+ Kf8 44. Ra8+ Kg7 45. Rxe3 Rc7 46. Rg3+ Kf6 47. Rg4 Rb7 48. Kd2 Kf5 49. h3 a3 50. Ra5+ Ke6 51. Kc2 b3+ 52. Kxc3 b2 53. Rg1 b1=Q 54. Rxb1 Rxb1 55. Rxa3 1/2-1/2

[Event "45th FIDE Womens Olympiad 2024"]
[Site "Budapest"]
[Date "2024.09.19"]
[Round "8.23"]
[White "Yaqoob, Wafa"]
[Black "Gontcharova, Olga"]
[Result "1-0"]
[ECO "C41"]
[WhiteElo "1438"]
[BlackElo "1567"]
[PlyCount "75"]
[EventDate "2024.09.05"]
[EventType "team-tourn"]
[EventCountry "HUN"]
[WhiteTeam "Bahrain"]
[BlackTeam "Bermuda"]
[WhiteTeamCountry "BRN"]
[BlackTeamCountry "BER"]
[TimeControl "40/5400+30:1800+30"]

1. e4 e5 2. Nf3 d6 3. Bc4 Be7 4. c3 Nf6 5. d3 Nbd7 6. Nbd2 O-O 7. O-O c6 8. Bb3 Qc7 9. Re1 b6 10. Nf1 Re8 11. Ng3 Bb7 12. Nh4 d5 13. Nhf5 g6 14. Nxe7+ Rxe7 15. Bg5 Qd6 16. Qf3 Kg7 17. h4 Rh8 18. h5 h6 19. Bh4 Qe6 20. exd5 cxd5 21. d4 g5 22. Nf5+ Kf8 23. Nxe7 Kxe7 24. Bg3 g4 25. Qe3 Nxh5 26. Bxe5 Rh7 27. Qd3 f6 28. Bxf6+ Nhxf6 29. Rxe6+ Kf7 30. Rxf6+ Nxf6 31. Qf5 Rg7 32. Re1 Rg5 33. Qe6+ Kg6 34. Bc2+ Kh5 35. Qxf6 g3 36. Bd1+ Kh4 37. Qxh6+ Rh5 38. Qxh5# 1-0

[Event "45th FIDE Womens Olympiad 2024"]
[Site "Budapest"]
[Date "2024.09.19"]
[Round "8.24"]
[White "Schulze, Lara"]
[Black "Kazarian, Anna-Maja"]
[Result "0-1"]
[ECO "C02"]
[WhiteElo "2283"]
[BlackElo "2180"]
[Annotator "RC"]
[PlyCount "92"]
[EventDate "2024.09.05"]
[EventType "team-tourn"]
[EventCountry "HUN"]
[SourceTitle "playchess.com"]
[Source "ChessBase"]
[SourceQuality "1"]
[WhiteTeam "Germany"]
[BlackTeam "Netherlands"]
[WhiteTeamCountry "GER"]
[BlackTeamCountry "NED"]
[TimeControl "40/5400+30:1800+30"]

1. e4 e6 2. d4 d5 3. e5 c5 4. c3 Nc6 5. Nf3 Bd7 6. Be2 Nge7 7. O-O Nf5 8. dxc5 a5 9. Bd3 Nh4 10. Bf4 Nxf3+ 11. Qxf3 g5 12. Bg3 h5 13. h3 Bxc5 14. Nd2 Qe7 15. Qe2 O-O-O 16. b4 axb4 17. cxb4 Nxb4 18. Rfc1 Nc6 19. Rab1 Nd4 20. Qd1 Bc6 21. Nb3 Nxb3 22. Rxb3 h4 23. Bh2 Kc7 24. a4 Ra8 25. Bb5 Ra5 26. Qd2 Rha8 27. Qc3 Bxb5 28. Rxb5 Rxb5 29. axb5 b6 30. Kh1 Qd7 31. Bg1 Qxb5 32. Qd2 Rg8 33. f4 g4 34. Bxc5 bxc5 35. Qf2 Kc6 36. Qxh4 Qb2 37. Rg1 gxh3 38. g3 Ra8 39. Qxh3 Ra2 40. Qh8 Kb7 41. Qh7 Ka6 42. Qh8 Qc2 43. Qc8+ Kb5 44. Qe8+ Kc4 45. Qh8 Qe4+ 46. Rg2 Qxg2# 0-1

[Event "45th FIDE Womens Olympiad 2024"]
[Site "Budapest"]
[Date "2024.09.19"]
[Round "8.25"]
[White "Mkrtchian, Lilit"]
[Black "Munkhzul, Turmunkh"]
[Result "1-0"]
[ECO "A29"]
[WhiteElo "2366"]
[BlackElo "2256"]
[Annotator "TA"]
[PlyCount "73"]
[EventDate "2024.09.05"]
[EventType "team-tourn"]
[EventCountry "HUN"]
[SourceTitle "playchess.com"]
[Source "ChessBase"]
[SourceQuality "1"]
[WhiteTeam "Armenia"]
[BlackTeam "Mongolia"]
[WhiteTeamCountry "ARM"]
[BlackTeamCountry "MGL"]
[TimeControl "40/5400+30:1800+30"]

1. c4 Nf6 2. Nc3 e5 3. g3 d5 4. cxd5 Nxd5 5. Bg2 Nb6 6. a3 a5 7. d3 Be7 8. Be3 Nc6 9. Nf3 O-O 10. O-O Be6 11. Rc1 f5 12. Na4 Nd5 13. Bc5 Bd6 14. e4 {[%emt 0:09:01] White is slightly better.} Nb6 15. exf5 Bxf5 (15... Nxa4 $142 16. Bxd6 (16. Qxa4 Rxf5 17. Bh3 Rxf3 $16) 16... Rxf5) 16. Qb3+ Kh8 17. Nxb6 cxb6 18. Bxb6 Qd7 19. Ng5 {[%emt 0:02:30] White is more active.} Qe7 (19... h6 $16) 20. Ne4 $18 Nd4 21. Bxd4 exd4 22. Qd5 Bxe4 23. Bxe4 Qf6 {[%emt 0:00:42] Black is weak on the light squares} 24. Rc2 $40 {[%emt 0:01:29][%mdl 128] White wants a kill.} Rac8 25. Rxc8 Rxc8 26. Qxa5 Rc7 27. Qa8+ Qf8 28. Bxb7 Qxa8 29. Bxa8 {[%emt 0:00:04][%mdl 4096] Endgame. KRB-KRB} Rc2 30. Rb1 Kg8 31. Be4 h6 32. b4 Kf8 33. b5 Ke7 (33... Bxa3 $142 34. b6 Rc8) 34. b6 Bb8 35. a4 Kd6 36. a5 Ra2 37. Rc1 {[%emt 0:00:43] Black got outplayed after the opening.   Weighted Error Value: White=0.08 (flawless) /Black=0.38.  Mistake:       	---       	Black=3      Inaccurate:     	---       	Black=4      OK:         	White=15    	Black=5      Best:        	---       	Black=1} 1-0

[Event "45th FIDE Womens Olympiad 2024"]
[Site "Budapest"]
[Date "2024.09.19"]
[Round "8.25"]
[White "Pg Hj Janudin, Dk Siti Haziqah"]
[Black "Swaminathan, Laia"]
[Result "0-1"]
[ECO "D35"]
[WhiteElo "1711"]
[BlackElo "1620"]
[PlyCount "58"]
[EventDate "2024.09.05"]
[EventType "team-tourn"]
[EventCountry "HUN"]
[WhiteTeam "Brunei Darussalam"]
[BlackTeam "Cayman Islands"]
[WhiteTeamCountry "BRN"]
[BlackTeamCountry "CAY"]
[TimeControl "40/5400+30:1800+30"]

1. d4 d5 2. c4 e6 3. cxd5 exd5 4. Nc3 Nf6 5. Nf3 Be7 6. Bf4 O-O 7. e3 Bf5 8. Bd3 Bxd3 9. Qxd3 Re8 10. O-O c6 11. Rac1 Nbd7 12. Ne2 Ne4 13. Ne5 Nxe5 14. Bxe5 Bd6 15. Bg3 Nxg3 16. fxg3 Qe7 17. Rf3 Qe4 18. Qb3 Re7 19. Nc3 Qg6 20. Re1 Rae8 21. Nd1 Qe6 22. Qc2 Bc7 23. Kh1 Bb6 24. Re2 Bxd4 25. Ref2 Bb6 26. Rf1 Qh6 27. Qf5 Qg6 28. Qxg6 hxg6 29. Re1 d4 {0-} 0-1